 Dungeon Crawl Stone Soup version 0.21-a0-227-g58a7c62 (webtiles) character file.

45 Pippin the Sneak (level 3, -3/19 HPs)
             Began as a Spriggan Wanderer on Aug 31, 2017.
             Slain by a shadow imp (4 damage)
             ... summoned by Natasha
             ... on level 2 of the Dungeon.
             The game lasted 00:02:32 (1829 turns).

Pippin the Sneak (Spriggan Wanderer)                Turns: 1829, Time: 00:02:33

Health: -3/19      AC:  2    Str:  8    XL:     3   Next: 42%
Magic:  14/14      EV: 19    Int: 12    God:
Gold:   76         SH:  0    Dex: 17    Spells: 2/2 levels left

rFire    . . .     SeeInvis +   a - +2 spear
rCold    . . .     Gourm    .   (shield restricted)
rNeg     . . .     Faith    .   c - +0 robe
rPois    .         Spirit   .   (helmet restricted)
rElec    .         Reflect  .   (no cloak)
rCorr    .         Harm     .   (gloves unavailable)
MR       .....                  (boots unavailable)
Stlth    +++.......             (no amulet)
HPRegen  0.06/turn              g - ring of magical power
MPRegen  0.14/turn              (no ring)

@: very quick
A: unfitting armour, see invisible, herbivore 3, speed 3, slow metabolism 2
a: no special abilities


You were on level 2 of the Dungeon.
You were not hungry.

You visited 1 branch of the dungeon, and saw 2 of its levels.

You collected 76 gold pieces.

Inventory:

Hand Weapons
 a - a +2 spear (weapon)
 d - a +0 dagger
Armour
 c - a +0 robe (worn)
Jewellery
 g - a ring of magical power (left hand)
 h - an uncursed ring of protection from fire {unknown}
Scrolls
 e - 3 scrolls of teleportation {unknown}
 i - a scroll of blinking {unknown}
 j - 2 scrolls of identify {unknown}
 k - a scroll of enchant armour {unknown}
Potions
 b - 3 potions of curing
 n - a potion of mutation {unknown}
Comestibles
 f - a bread ration
 l - 6 fruits
 m - a royal jelly


   Skills:
 * Level 2.8 Fighting
 - Level 1.3 Polearms
 - Level 3.5 Dodging
 + Level 4.0 Stealth
   Level 1.3 Evocations


You had 2 spell levels left.
You didn't know any spells.

Dungeon Overview and Level Annotations

Branches:
Dungeon (2/15)

Altars:

Annotations:
D:2 Natasha


Innate Abilities, Weirdness & Mutations

You are very small and have problems with some larger weapons.
You are too small for most types of armour.
You have supernaturally acute eyesight. (SInv)
You are a herbivore.
You cover ground extremely quickly.
You need consume almost no food.


Message History

Natasha completely misses you.
You barely miss Natasha.
Natasha is moderately wounded.
Natasha barely misses you.
You hit Natasha.
Natasha is severely wounded.
Natasha mumbles some strange words.
Natasha glows brightly for a moment.
Natasha closely misses you.
You barely miss Natasha.
Natasha is severely wounded.
The shadow imp misses you. Natasha misses you.
You hit Natasha but do no damage.
Natasha is severely wounded.
The shadow imp hits you. Natasha claws you.
* * * LOW HITPOINT WARNING * * *
You hit Natasha.
Natasha is almost dead.
The shadow imp hits you.
You die...

#..#.+####+.
#..#........
##.+########
###
#..........
### ..#
#######..##
...#.# ##.#
#.#.#####
#.#
#.h5.>..#
#.# #@# #.#
#.# #.# #.#
#.## #.#
####... #.#
.........
#.#
#########
#.## # #..#
# ##.# #


You could see Natasha and a shadow imp.

Vanquished Creatures
  An adder (D:2)
  A dart slug (D:1)
  A leopard gecko (D:2)
  A ball python (D:1)
  5 giant cockroaches (D:1)
  8 goblins
  3 hobgoblins
  3 kobolds
  4 bats
  A frilled lizard (D:1)
  A rat (D:1)
29 creatures vanquished.

Notes
Turn   | Place    | Note
-------+----------+-------------------------------------------
     0 | D:1      | Pippin the Spriggan Wanderer began the quest for the Orb.
     0 | D:1      | Pippin set off with: a +2 spear, 2 potions of curing, a +0 robe, a +0 dagger, a bread ration
     0 | D:1      | Reached XP level 1. HP: 10/10 MP: 3/3
   229 | D:1      | Reached XP level 2. HP: 15/15 MP: 4/4
  1559 | D:2      | Reached XP level 3. HP: 18/19 MP: 5/5
  1603 | D:2      | Reached skill level 4 in Stealth
  1709 | D:2      | Noticed Natasha
  1829 | D:2      | Slain by a shadow imp

Vault maps used:
D:1:      scummos_arrival_simple_crosswalls, minmay_crystal_room
D:2:      lightli_temple_of_fire, minivault_11, minmay_surrounded, uniq_natasha,
          uniq_sigmund, uniq_terence, uniq_crazy_yiuf_cottage

Skill      XL: |  1  2  3 |
---------------+----------+-----
Fighting       | 2 |  2.8
Stealth        | 4 |  4.0
Polearms       | |  1.3
Dodging        | |  3.5
Evocations     | |  1.3

Action                   || total
-------------------------++-------
Melee: Spear             ||   104
 Stab: Sleeping          ||     8
Armor: Robe              ||     9
Dodge: Dodged            ||    73

Table legend:
 A = Spawn XP
 B = Non-spawn XP
 C = Spawn XP percentage of total XP
 D = Spawn monster count
 E = Non-spawn monster count
 F = Spawn count percentage of total count
 G = Total turns spent on level
                    A         B        C        D         E        F      G
               +---------+---------+-------+---------+---------+-------+---------
         Total |       4 |      61 |   6.2 |       2 |      27 |   6.9 |  1829
               +---------+---------+-------+---------+---------+-------+---------
           D:1 |       4 |      34 |  10.5 |       2 |      18 |  10.0 |  1471
           D:2 |       0 |      27 |   0.0 |       0 |       9 |   0.0 |   358
               +---------+---------+-------+---------+---------+-------+---------
